 Dungeon Crawl Stone Soup version 0.31-a0-1267-gfedaa18580 (webtiles) character file.

Game seed: 1114995167070440676

396515 grandjackal the Slayer (level 22, -8/212 (229) HPs)
             Began as a Yellow Draconian Gladiator on Dec 16, 2023.
             Was the Champion of Uskayaw.
             Mangled by a spectral titan (30 damage)
             ... on level 3 of the Crypt on Dec 17, 2023.
             The game lasted 01:33:07 (45231 turns).

grandjackal the Slayer (DrGl)                      Turns: 45231, Time: 01:33:08

HP:   -8/212 (229)  AC: 20    Str: 28    XL:     22   Next: 19%
MP:   37/37         EV: 25    Int: 11    God:    Uskayaw [******]
Gold: 4309          SH:  0    Dex: 17    Spells: 21/21 levels left

rFire   + . .        y - +8 lajatang (speed)
rCold   + + .        (shield currently unavailable)
rNeg    . . .        (body armour unavailable)
rPois   .            V - +2 hat {Will+}
rElec   .            p - scarf {rC+ rF+}
rCorr   +            Q - +2 pair of gloves
SInv    +            g - +3 pair of boots of the Stone Wall {SInv}
Will    +++..        O - amulet of regeneration
Stlth   ++           H - ring "Ivugem" {Wiz rC+ Int+3 SInv}
HPRegen 1.35/turn    w - ring of Ureomn {Will+ Str+4}
MPRegen 0.25/turn

%: wizardry (x1)
@: studying 2 skills, drained
A: spit acid, AC +11, unfitting armour, acidic bite, cold-blooded, acid
resistance
}: 2/15 runes: serpentine, barnacled
a: Breathe Acid, Renounce Religion, Stomp, Line Pass, Grand Finale


You were on level 3 of the Crypt.
You worshipped Uskayaw.
Uskayaw was greatly pleased with you.
You visited 9 branches of the dungeon, and saw 40 of its levels.
You visited 1 bazaar.
You also visited: Ossuary, Gauntlet, Ice Cave and Desolation.

You collected 5111 gold pieces.
You spent 802 gold pieces at shops.

Inventory:

Hand Weapons
 y - a +8 lajatang of speed (weapon)
Missiles
 c - 8 throwing nets
 d - 12 javelins
 B - 8 boomerangs (quivered)
 J - 5 silver javelins
 R - 8 curare-tipped darts
Armour
 g - the +3 pair of boots of the Stone Wall (worn) {SInv}
   (You found it on level 11 of the Dungeon)

   SInv:      It lets you see invisible.
 p - a scarf of resistance (worn)
 Q - a +2 pair of gloves (worn)
 V - a +2 hat of willpower (worn)
Magical Staves
 W - the staff of Accidental Termination {rPois rF+ Int+3 Dex+3 Poison}
   (You found it in a Gauntlet)

   [staff of poison]

   Base accuracy: +5 Base damage: 5 Base attack delay: 1.2 This weapon's minimum
   attack delay (0.6) is reached at skill level 12.
   Int+3:     It affects your intelligence (+3).
   Dex+3:     It affects your dexterity (+3).
   rF+:       It protects you from fire.
   rPois:     It protects you from poison Poison: It increases the power of your
   Poison spells.
   It falls into the 'Staves' category.
   It is a one-handed weapon.
Jewellery
 h - the ring "Acvynol" {rPois Str+2}
   (You found it in a Gauntlet)

   [ring of poison resistance]

   Str+2:     It affects your strength (+2).
   rPois:     It protects you from poison
 m - a ring of protection from fire
 w - the ring of Ureomn (right hand) {Will+ Str+4}
   (You found it on level 15 of the Dungeon)

   [ring of willpower]

   Str+4:     It affects your strength (+4).
   Will+:     It increases your willpower.
 H - the ring "Ivugem" (left hand) {Wiz rC+ Int+3 SInv}
   (You found it on level 6 of the Dungeon)

   [ring of wizardry]

   Wiz:       It improves your spell success rate.
   Int+3:     It affects your intelligence (+3).
   rC+:       It protects you from cold.
   SInv:      It lets you see invisible.
 O - an amulet of regeneration (around neck)
 S - a ring of protection from cold
Wands
 a - a wand of polymorph (20)
 v - a wand of paralysis (52)
 A - a wand of mindburst (53)
 I - a wand of roots (30)
 N - a wand of flame (17)
 P - a wand of quicksilver (11)
 Y - a wand of digging (11)
Scrolls
 b - 17 scrolls of identify
 e - 4 scrolls of immolation
 f - 7 scrolls of vulnerability
 i - 4 scrolls of poison
 k - 7 scrolls of fear
 l - 8 scrolls of fog
 q - 3 scrolls of enchant armour
 s - a scroll of silence
 t - 13 scrolls of teleportation
 C - 3 scrolls of revelation
 D - 3 scrolls of torment
 E - 12 scrolls of blinking
Potions
 j - 3 potions of mutation
 n - 9 potions of haste
 o - 17 potions of might
 r - 19 potions of curing
 u - 5 potions of attraction
 x - 8 potions of brilliance
 z - 5 potions of cancellation
 F - 8 potions of enlightenment
 G - 4 potions of heal wounds
 K - 2 potions of magic
 L - 6 potions of lignification
 M - 4 potions of invisibility
 T - 2 potions of ambrosia
 X - 4 potions of resistance
 Z - 3 potions of berserk rage


   Skills:
 + Level 26.2 Fighting
 - Level 4.9 Long Blades
 - Level 14.0 Staves
 - Level 2.0 Throwing
 - Level 20.5 Dodging
 + Level 23.9 Invocations
 + Level 4.0 Evocations


You had 21 spell levels left.
You didn't know any spells.
Your spell library contained the following spells:

 Spells                   Type           Power      Damage    Failure   Level
 Freeze                   Ice            0%         1d3       14%         1
 Kiss of Death            Conj/Necr      0%         2d5       14%         1
 Sandblast                Erth           0%         2d4       14%         1
 Shock                    Conj/Air       0%         1d3       14%         1
 Blink                    Tloc           0%         N/A       21%         2
 Cigotuvi's Dreadful Rot  Necr/Pois/Air  0%         N/A       21%         2
 Passwall                 Tmut/Erth      0%         N/A       21%         2
 Scorch                   Fire           0%         2d5       21%         2
 Confusing Touch          Hex            0%         N/A       38%         3
 Frozen Ramparts          Ice            0%         1d1       38%         3
 Gell's Gravitas          Tloc           0%         N/A       38%         3
 Hailstorm                Conj/Ice       0%         3d5       38%         3
 Inner Flame              Hex/Fire       0%         N/A       38%         3
 Ozocubu's Armour         Ice            0%         N/A       38%         3
 Stone Arrow              Conj/Erth      0%         3d7       38%         3
 Swiftness                Air            0%         N/A       38%         3
 Teleport Other           Tloc           0%         N/A       38%         3
 Volatile Blastmotes      Fire/Tloc      0%         2d10      38%         3
 Airstrike                Air            0%         2d(0-16)  77%         4
 Brom's Barrelling Bould  Conj/Erth      0%         2d3       77%         4
 Dispel Undead            Necr           0%         3d6       77%         4
 Flame Wave               Conj/Fire      0%         2d4       77%         4
 Fulminant Prism          Conj/Hex       0%         3d5       77%         4
 Iskenderun's Mystic Bla  Conj/Tloc      0%         2d3       77%         4
 Manifold Assault         Tloc           0%         N/A       77%         4
 Passage of Golubria      Tloc           0%         N/A       77%         4
 Sticky Flame             Conj/Fire      0%         2d3       77%         4
 Summon Lightning Spire   Summ/Air       0%         N/A       77%         4
 Lee's Rapid Deconstruct  Erth           0%         3d4*      98%         5
 Silence                  Hex/Air        0%         N/A       98%         5
 Death Channel            Necr           0%         N/A       100%        6
 Dispersal                Tloc           0%         N/A       100%        6
 Summon Cactus Giant      Summ           0%         N/A       100%        6
 Ozocubu's Refrigeration  Ice            0%         4d7       100%        7
 Disjunction              Tloc           0%         N/A       100%        8
 Lehudib's Crystal Spear  Conj/Erth      0%         10d2      100%        8
 Animate Armour           Summ/Erth      Unusable   N/A       N/A         4

Dungeon Overview and Level Annotations

Branches:
Dungeon (15/15)            Temple (1/1) D:4            Lair (4/5) D:9
 Shoals (4/4) Lair:2        Snake (4/4) Lair:3        Slime (0/5) Lair:4
    Orc (2/2) D:11            Elf (3/3) Orc:2        Vaults (4/5) D:13
  Crypt (3/3) Vaults:2       Tomb (0/3) Crypt:3      Depths (0/4) D:15
Ossuary (visited)           IceCv (visited)         Desolation (visited)
Gauntlet (visited)

Altars:
Ashenzari
Cheibriados
Dithmenos
Elyvilon
Fedhas
Gozag
Hepliaklqana
Kikubaaqudgha
Makhleb
Nemelex Xobeh
Okawaru
Qazlal
Ru
Sif Muna
Trog
Uskayaw
Vehumet
Wu Jian
Xom
Yredelemnul
Zin
The Shining One
Jiyva

Shops:
D:2 :   D:13 [   Orc:2 (=!*   Snake:3 ![   Vaults:4 ((

Portals:
Trove: Vaults:4 (show slimy rune of Zot)

Annotations:
D:11 3 runed translucent doors, backslashecho's ghost, journeyman OpIE
Shoals:2 Roxanne
Shoals:4 Nikola
Elf:2 3 runed translucent doors
Elf:3 2 transporters, Sirjeffry24's ghost, adept FoFi


Innate Abilities, Weirdness & Mutations

You can spit globs of acid.
Your golden yellow scales are hard. (AC +11)
You cannot fit into any form of body armour.
You have acidic saliva.
You are cold-blooded and may be slowed by cold attacks.
You are resistant to acid. (rCorr)


Message History

Your bite misses Saint Roka.
Saint Roka is almost dead.
An ettin simulacrum comes into view.
Unknown command.
You slash Saint Roka! You tail-slap Saint Roka!
You kill Saint Roka!
Unknown command.
The orc sorcerer misses you. The wraith closely misses you.
Uskayaw links your audience in an emotional bond!
Items here: ))) [[[ †.
Unknown command.
You closely miss the orc sorcerer.
The orc sorcerer hits you but does no damage.
The wraith closely misses you.
Unknown command.
You closely miss the orc sorcerer.
Unknown command.
You slash the orc sorcerer!
You destroy the wraith!
You tail-slap the orc sorcerer!
The ettin simulacrum vaporises!
You bite the orc sorcerer.
The orc sorcerer is almost dead.
The orc sorcerer misses you.
The spectral titan is engulfed in freezing vapours.
You kill the orc sorcerer!
The spectral titan hits you!!
* * * LOW HITPOINT WARNING * * *
Your Evocations skill increases to level 4!
The spectral titan barely misses you.
Things that are here:
a +0 dagger; a +0 robe Unknown command.
You slice the spectral titan!!
You bite the spectral titan, but do no damage.
The spectral titan is severely damaged.
You slash the spectral titan!
The spectral titan is severely damaged.
The spectral titan hits you!!
You die...

.......... #.......# ........
.....' #.......# ###.....#####
.....###.......# ............##
.....'.#.......# .............#
.....###.......# .............#
'.)...'.#..####.#
####'''##########)....###..# #.#
................○.....'.#..# #.#
...........)†).Z@)....# #..# #.#
............†).)).....'.#..# #.#
##.......#######......###..# #.#
##.....## +#.....'.#..# #.#
#.....# #########..# #.#
##.....## ##..........# #.#
#.......#######...........####.#
................................#
................................#


You could see a spectral titan (pain bonded).

Vanquished Creatures
  Vashnia (Snake:4)
  Saint Roka (Crypt:3)
  Norris (Vaults:2)
  Rupert (D:12)
  Zenata (Vaults:4)
  Mlioglotl (Snake:4)
  A shard shrike skeleton (Crypt:1)
  Asterion (Snake:4)
  2 deep elf blademasters (Elf:3)
  A tentacled monstrosity (D:14)
  A sphinx (Vaults:3)
  2 deep elf master archers (Elf:3)
  Gastronok (Lair:2)
  2 ancient champions
  A shadow dragon (Crypt:3)
  Donald (Vaults:3)
  Aizul (Snake:4)
  14 nagarajas
  A fire giant (Vaults:2)
  A revenant (Crypt:2)
  2 frost giants
  Louise (Elf:3)
  4 deep elf sorcerers (Elf:3)
  An imperial myrmidon (Desolation)
  12 vault wardens
  5 deep elf elementalists (Elf:3)
  3 curse skulls
  4 orc warlords
  2 ghouls (Crypt:1)
  4 reapers
  A stone giant (Vaults:2)
  5 war gargoyles
  17 ironbound preservers
  3 very ugly things
  5 ironbound thunderhulks
  A rockslime zombie (Crypt:3)
  7 vampire knights
  5 deep elf death magi
  6 deep elf demonologists (Elf:3)
  10 deep elf annihilators
  19 dire elephants
  A minotaur (Gauntlet)
  Snorg (D:12)
  A spectral quicksilver dragon (Crypt:3)
  An ettin (Vaults:1)
  A fire dragon (D:15)
  2 crystal guardians (Vaults:3)
  2 merfolk impalers
  4 merfolk javelineers (Shoals:4)
  14 yaktaur captains
  An eidolon (Crypt:2)
  14 jiangshi
  7 entropy weavers
  Fannar (Lair:3)
  4 great orbs of eyes
  2 deep elf high priests
  5 salamander tyrants (Snake:4)
  A quicksilver dragon skeleton (Crypt:2)
  An ice dragon (D:15)
  A hydra (Lair:4)
  A spectral shadow dragon (Crypt:3)
  A spriggan zombie (Crypt:1)
  6 vault guards
  7 peacekeepers
  9 ironbound frosthearts
  An alligator snapping turtle (Shoals:4)
  A spectral stone giant (Crypt:3)
  A spriggan skeleton (Crypt:1)
  A caustic shrike simulacrum (Crypt:3)
  4 two-headed ogres
  A catoblepas (D:14)
  8 centaur warriors
  An Orb Guardian skeleton (Crypt:1)
  18 naga warriors
  A fenstrider witch skeleton (Crypt:2)
  7 anacondas
  22 dancing weapons
  3 merfolk avatars
  4 death knights
  8 boulder beetles
  A deep troll earth mage (Vaults:4)
  2 merfolk aquamancers
  A satyr (Shoals:2)
  A tengu warrior (D:13)
  5 orc high priests (Orc:2)
  6 vampire magi
  A soul eater (Crypt:3)
  15 deep elf knights
  A hell knight (D:13)
  2 demonic crawlers (D:14)
  9 shock serpents
  A spectral storm dragon (Crypt:3)
  Sonja (Lair:2)
  17 naga sharpshooters
  3 shadow wraiths
  6 skysharks
  17 skeletal warriors
  2 salamander mystics
  42 deep trolls
  11 deep elf archers
  11 naga ritualists
  6 arcanists
  A death drake (Gauntlet)
  13 sea snakes
  22 ironbound convokers
  4 flayed ghosts
  A golden dragon zombie (Crypt:1)
  An orb spider (shapeshifter) (D:13)
  7 lindwurms
  A bunyip skeleton (Crypt:2)
  3 bog bodies
  2 obsidian statues (IceCv)
  2 spriggan simulacra (IceCv)
  9 phantasmal warriors
  A wolf spider zombie (Gauntlet)
  6 harpies
  22 deep elf pyromancers
  2 necromancers
  8 orc knights
  A spectral wolf spider (Gauntlet)
  21 deep elf zephyrmancers
  14 mana vipers
  2 anaconda skeletons
  9 orc sorcerers
  14 ugly things
  4 cyclopes
  15 fauns
  11 manticores
  18 salamanders
  A centaur zombie (Gauntlet)
  A naga zombie (Crypt:1)
  Maurice (D:8)
  8 merfolk sirens
  46 black mambas
  9 guardian serpents
  5 kobold blastminers (Orc:1)
  Joseph (D:10)
  An ice statue (D:10)
  15 vault sentinels
  A smoke demon (Gauntlet)
  12 naga magi
  3 water nymphs (Shoals:4)
  2 gargoyles (D:11)
  2 kobold demonologists
  2 rime drakes
  A torpor snail (Lair:1)
  An unseen horror (D:13)
  11 cane toads
  Jeremiah (D:7)
  34 yaktaurs
  12 komodo dragons
  A redback zombie (Crypt:1)
  2 tengu conjurers (D:13)
  An efreet (D:13)
  A komodo dragon (shapeshifter) (D:15)
  A golden dragon simulacrum (IceCv)
  6 freezing wraiths
  2 catoblepas skeletons (Crypt:1)
  A meliai (shapeshifter) (D:13)
  A red devil (Gauntlet)
  10 merfolk
  5 polar bears
  3 meliai (D:13)
  A saltling (Desolation)
  7 wind drakes
  6 trolls
  An ettin zombie (Crypt:1)
  A tarantella (Vaults:2)
  27 blink frogs
  3 dream sheep (Shoals:3)
  10 flying skulls (Crypt:1)
  5 snapping turtles
  A fire dragon zombie (Crypt:2)
  3 centaur simulacra
  7 air elementals
  24 slime creatures
  9 wraiths
  Sigmund (D:2)
  49 yaks
  3 culicivoras
  5 small abominations (D:14)
  2 shadows
  2 wyverns
  11 water elementals
  A dire elephant simulacrum (IceCv)
  A human (Lair:3)
  4 basilisks
  A fire elemental (Elf:2)
  2 chaos spawn (D:14)
  4 steam dragons
  5 redbacks
  A minotaur simulacrum (IceCv)
  4 vampire mosquitoes (D:13)
  Menkaure (D:4)
  2 harpy simulacra
  A warg (shapeshifter) (D:15)
  A skyshark zombie (Crypt:2)
  4 acid dragons
  33 nagas
  17 water moccasins
  12 wargs
  A demonspawn zombie (Crypt:3)
  2 hydra simulacra (IceCv)
  A naga skeleton (Crypt:2)
  A glowing shapeshifter skeleton (Crypt:2)
  A black bear (shapeshifter) (D:13)
  12 orc warriors
  4 ice beasts
  An ettin simulacrum (Crypt:3)
  A sky beast (D:7)
  5 black bears
  A manticore zombie (Crypt:1)
  A boggart (Vaults:2)
  2 wolves (Lair:4)
  6 ogres
  18 centaurs
  3 phantoms
  7 kobold brigands
  2 elf zombies
  17 bullfrogs
  9 gnoll sergeants
  A necrophage (Crypt:1)
  3 scorpions
  2 earth elementals
  3 wights (D:6)
  A lindwurm simulacrum (IceCv)
  4 killer bees (D:9)
  2 howler monkeys
  3 electric eels
  3 crimson imps (Gauntlet)
  8 jellies
  A bullfrog zombie (Crypt:2)
  A wyvern simulacrum (Gauntlet)
  29 orc priests
  A gnoll bouda (D:7)
  7 hounds
  A sleepcap (D:6)
  Ijyb (D:5)
  3 iguanas
  19 orc wizards
  A crocodile zombie (Crypt:3)
  A deep dwarf zombie (Crypt:1)
  3 hound zombies
  An acid dragon skeleton (Crypt:2)
  An ogre skeleton (Crypt:2)
  3 boggart simulacra
  4 mummies (Ossuary)
  Robin (D:4)
  26 gnolls
  6 adders
  A shadow imp (D:7)
  A white imp (D:6)
  A worm (D:4)
  3 dart slugs
  71 orcs
  6 ball pythons
  9 bats
  12 endoplasms
  5 giant cockroaches
  12 goblins
  7 hobgoblins
  2 jackals (D:4)
  8 quokkas
  8 frilled lizards
  2 hobgoblin zombies (Ossuary)
  A jackal skeleton (Crypt:2)
  2 jackal zombies (Ossuary)
  17 kobolds
  2 kobold zombies (Ossuary)
  An orc skeleton (Crypt:2)
  2 orc zombies (Ossuary)
  4 rats
  A rat zombie (Ossuary)
1586 creatures vanquished.

Vanquished Creatures (collateral kills)
  2 goblins (D:4)
2 creatures vanquished.

Vanquished Creatures (others)
  A deep elf knight (Elf:1)
  A deep elf archer (Elf:2)
  A deep elf pyromancer (Elf:1)
  2 fauns (Shoals:2)
  A naga mage (Snake:4)
  A yaktaur (Vaults:4)
  An air elemental (Elf:1)
  A naga (Snake:4)
  An orc wizard (Orc:2)
  6 orcs
16 creatures vanquished.

Grand Total: 1604 creatures vanquished

Notes
Turn   | Place    | Note
-------+----------+-------------------------------------------
     0 | D:1      | grandjackal the Draconian Gladiator began the quest for the
                  | Orb.
     0 | D:1      | Reached XP level 1. HP: 17/17 MP: 1/1
   146 | D:1      | Reached XP level 2. HP: 24/25 MP: 2/2
   697 | D:2      | Noticed Sigmund
   716 | D:2      | Killed Sigmund
   717 | D:2      | Reached skill level 4 in Fighting
   717 | D:2      | Reached XP level 3. HP: 20/33 MP: 3/3
   717 | D:2      | Reached XP level 4. HP: 24/40 MP: 4/4
   717 | D:2      | Reached XP level 5. HP: 28/46 MP: 5/5
   906 | D:2      | Found Teull's Book Shoppe.
  1792 | D:3      | Found a faded altar of an unknown god.
  1911 | D:3      | Reached XP level 6. HP: 53/53 MP: 6/6
  2329 | D:4      | Noticed Robin
  2375 | D:4      | Killed Robin
  2432 | D:4      | Identified the +10 whip of Termination {freeze, *Rage rF+
                  | Stlth+}
  2892 | D:4      | Found a staircase to the Ecumenical Temple.
  2909 | Temple   | Entered the Ecumenical Temple
  2944 | Temple   | Became a worshipper of Uskayaw the Reveller
  3000 | D:4      | Reached * piety under Uskayaw
  3001 | D:4      | Reached skill level 5 in Fighting
  3006 | D:4      | Reached ** piety under Uskayaw
  3080 | D:4      | Reached skill level 1 in Staves
  3080 | D:4      | Your scales start taking on a golden yellow colour.
  3080 | D:4      | Reached XP level 7. HP: 56/61 MP: 7/7
  3080 | D:4      | Gained mutation: You are resistant to acid. (rCorr) [Yellow
                  | Draconian growth]
  3259 | D:4      | Reached skill level 1 in Invocations
  3259 | D:4      | Noticed Menkaure
  3264 | D:4      | Reached *** piety under Uskayaw
  3266 | D:4      | Killed Menkaure
  3266 | D:4      | Reached **** piety under Uskayaw
  3483 | D:5      | Entered Level 5 of the Dungeon
  3490 | D:5      | Reached skill level 5 in Dodging
  3579 | D:5      | Noticed Ijyb
  3602 | D:5      | Killed Ijyb
  3602 | D:5      | Reached ***** piety under Uskayaw
  3603 | D:5      | Reached XP level 8. HP: 61/70 MP: 8/10
  3625 | D:5      | Reached skill level 6 in Fighting
  3872 | D:5      | Found a sand-covered staircase.
  3877 | Ossuary  | Entered an ossuary
  4197 | D:5      | Found an iron altar of Okawaru.
  4197 | D:5      | Found a sacrificial altar of Ru.
  4271 | D:5      | Reached skill level 7 in Fighting
  4479 | D:5      | Noticed a slime creature
  4480 | D:5      | Found a glowing golden altar of the Shining One.
  4480 | D:5      | Found a sparkling altar of Nemelex Xobeh.
  4480 | D:5      | Found a hide-covered altar of Uskayaw.
  4480 | D:5      | Found a shimmering altar of Xom.
  4480 | D:5      | Found a hazy altar of Hepliaklqana.
  4480 | D:5      | Found a shimmering altar of Xom.
  4480 | D:5      | Noticed a slime creature
  4482 | D:5      | Reached XP level 9. HP: 78/79 MP: 12/12
  4490 | D:5      | Reached skill level 5 in Invocations
  4731 | D:6      | Reached skill level 5 in Staves
  5154 | D:6      | Reached skill level 8 in Fighting
  5294 | D:6      | Identified the ring "Ivugem" {Wiz rC+ Int+3 SInv}
  5647 | D:7      | Noticed Jeremiah
  5660 | D:7      | Killed Jeremiah
  5664 | D:7      | Reached XP level 10. HP: 73/90 MP: 13/15
  6363 | D:7      | Identified the +2 flail "Gucwac" {flame, ^Contam rCorr
                  | Str+4}
  6696 | D:8      | Reached skill level 9 in Fighting
  6877 | D:8      | Noticed Maurice
  6880 | D:8      | Maurice stole 2 boomerangs
  6881 | D:8      | Killed Maurice
  7227 | D:8      | Found an opulent altar of Gozag.
  7590 | D:8      | Found a bloodstained altar of Trog.
  7634 | D:9      | Found a staircase to the Lair.
  7806 | D:9      | Noticed a smoke demon
  7944 | D:9      | Found a radiant altar of Vehumet.
  7985 | D:9      | Noticed a brown ugly thing
  8003 | D:9      | Killed a brown ugly thing
  8004 | D:9      | Reached XP level 11. HP: 60/99 MP: 17/17
  8215 | D:9      | Reached skill level 10 in Fighting
  8524 | D:10     | Entered Level 10 of the Dungeon
  8769 | D:10     | Found a shadowy altar of Dithmenos.
  8891 | D:10     | Noticed Joseph
  8902 | D:10     | Killed Joseph
  9547 | D:11     | Noticed a boulder beetle
  9561 | D:11     | Killed a boulder beetle
 10006 | D:11     | Found a runed translucent gate.
 10006 | D:11     | Found a runed translucent gate.
 10006 | D:11     | Found an opulent altar of Gozag.
 10008 | D:11     | Found a runed translucent gate.
 10009 | D:11     | Noticed backslashecho's ghost (journeyman OpIE)
 10034 | D:11     | Identified the +3 pair of boots of the Stone Wall {SInv}
 10050 | D:11     | Noticed a deep elf pyromancer
 10051 | D:11     | Noticed a stone giant
 10312 | D:11     | Found a staircase to the Orcish Mines.
 10530 | D:12     | Noticed Rupert
 10536 | D:12     | Noticed a two-headed ogre
 10567 | Orc:1    | Entered Level 1 of the Orcish Mines
 10567 | Orc:1    | Noticed an orc knight
 10582 | Orc:1    | Killed an orc knight
 10599 | Orc:1    | Reached skill level 11 in Fighting
 10782 | Orc:2    | Entered Level 2 of the Orcish Mines
 10810 | Orc:2    | Noticed an orc sorcerer
 10821 | Orc:2    | Noticed an orc high priest
 10823 | Orc:2    | Killed an orc sorcerer
 10824 | Orc:2    | Reached skill level 10 in Invocations
 10837 | Orc:2    | Noticed a sun demon
 10840 | Orc:2    | Killed an orc high priest
 10841 | Orc:2    | Reached XP level 12. HP: 81/110 MP: 12/19
 10916 | Orc:2    | Noticed an orc high priest
 10923 | Orc:2    | Killed an orc high priest
 10933 | Orc:2    | Reached ****** piety under Uskayaw
 11095 | Orc:2    | Found Bor Wiss's Assorted Antiques.
 11095 | Orc:2    | Found Ponumm's Distillery.
 11095 | Orc:2    | Noticed an orc high priest
 11099 | Orc:2    | Killed an orc high priest
 11100 | Orc:2    | Reached skill level 10 in Dodging
 11121 | Orc:2    | Bought a potion of cancellation for 104 gold pieces
 11121 | Orc:2    | Bought 2 potions of heal wounds for 130 gold pieces
 11121 | Orc:2    | Bought a potion of heal wounds for 65 gold pieces
 11121 | Orc:2    | Bought a potion of curing for 39 gold pieces
 11121 | Orc:2    | Bought a potion of might for 52 gold pieces
 11130 | Orc:2    | Noticed an orc high priest
 11132 | Orc:2    | Noticed an orc high priest
 11142 | Orc:2    | Killed an orc high priest
 11150 | Orc:2    | Killed an orc high priest
 11299 | Orc:2    | Found a staircase to the Elven Halls.
 11383 | Orc:2    | Found Akhiekk's Weapon Boutique.
 11383 | Orc:2    | Found Xedocel's Jewellery Shop.
 11395 | Orc:2    | Reached skill level 10 in Staves
 11403 | Orc:2    | Reached skill level 12 in Fighting
 11540 | Orc:2    | Paralysed by an orc sorcerer for 2 turns
 11744 | Orc:2    | Noticed a two-headed ogre
 11751 | Orc:2    | Killed a two-headed ogre
 12229 | Lair:1   | Entered Level 1 of the Lair of Beasts
 12488 | Lair:1   | Reached XP level 13. HP: 99/119 MP: 21/21
 13193 | Lair:1   | Identified a scroll of acquirement
 13193 | Lair:1   | Acquired a manual of Fighting
 13348 | Lair:2   | Noticed Sonja
 13357 | Lair:2   | Killed Sonja
 13358 | Lair:2   | Reached skill level 13 in Fighting
 13468 | Lair:2   | Found a staircase to the Shoals.
 13549 | Lair:2   | Noticed Gastronok
 13561 | Lair:2   | Killed Gastronok
 14373 | Lair:3   | Noticed Fannar
 14396 | Lair:3   | Killed Fannar
 14502 | Lair:3   | Reached skill level 14 in Fighting
 14558 | Lair:3   | Found a runed translucent door.
 14697 | Lair:3   | Found a staircase to the Snake Pit.
 15146 | Lair:4   | Found a gate leading to a gauntlet.
 15155 | Gauntlet | Entered a Gauntlet
 15155 | Gauntlet | Found a transporter.
 15164 | Gauntlet | Found a transporter.
 15179 | Gauntlet | Found a transporter.
 15186 | Gauntlet | Found a transporter.
 15201 | Gauntlet | Found a transporter.
 15232 | Gauntlet | Found a transporter.
 15240 | Gauntlet | Found a large runed translucent door.
 15241 | Gauntlet | Found a large runed translucent door.
 15242 | Gauntlet | Found a large runed translucent door.
 15242 | Gauntlet | Found a large runed translucent door.
 15243 | Gauntlet | Found a runed translucent gate.
 15244 | Gauntlet | Found a transporter.
 15244 | Gauntlet | Found a runed translucent gate.
 15245 | Gauntlet | Found a runed translucent gate.
 15246 | Gauntlet | Found a large runed translucent door.
 15246 | Gauntlet | Found a large runed translucent door.
 15247 | Gauntlet | Found a large runed translucent door.
 15248 | Gauntlet | Found a large runed translucent door.
 15256 | Gauntlet | Found a transporter.
 15268 | Gauntlet | Found a transporter.
 15280 | Gauntlet | Found a transporter.
 15297 | Gauntlet | Found a transporter.
 15315 | Gauntlet | Found a transporter.
 15317 | Gauntlet | Found a transporter.
 15348 | Gauntlet | Found a transporter.
 15350 | Gauntlet | Found a transporter.
 15384 | Gauntlet | Found a transporter.
 15386 | Gauntlet | Found a transporter.
 15388 | Gauntlet | Found a transporter.
 15390 | Gauntlet | Found a large runed translucent door.
 15390 | Gauntlet | Found a large runed translucent door.
 15391 | Gauntlet | Found a large runed translucent door.
 15391 | Gauntlet | Found a large runed translucent door.
 15493 | Gauntlet | Found a large runed translucent door.
 15493 | Gauntlet | Found a large runed translucent door.
 15493 | Gauntlet | Found a runed translucent door.
 15493 | Gauntlet | Found a runed translucent door.
 15569 | Gauntlet | Identified the ring "Acvynol" {rPois Str+2}
 15634 | Gauntlet | Noticed a minotaur
 15644 | Gauntlet | Killed a minotaur
 15667 | Gauntlet | Identified the +5 long sword "Xiduxza" {chaos, rN+ rCorr
                  | Stlth+}
 15679 | Gauntlet | Identified the staff of Accidental Termination {rPois rF+
                  | Int+3 Dex+3 Poison}
 15679 | Gauntlet | Identified the staff of Dithmenos, Hungering {rF+ Int+2
                  | Hexes Fire}
 15757 | Lair:4   | Gained mutation: You have acidic saliva. [Yellow Draconian
                  | growth]
 15757 | Lair:4   | Reached XP level 14. HP: 85/133 MP: 23/23
 15908 | Lair:4   | Reached skill level 15 in Fighting
 16262 | Lair:4   | Found a viscous altar of Jiyva.
 16262 | Lair:4   | Found a staircase to the Slime Pits.
 16997 | D:12     | Noticed Snorg
 17014 | D:12     | Killed Snorg
 17016 | D:12     | Reached skill level 16 in Fighting
 17155 | D:12     | Killed Rupert
 18057 | D:13     | Found a gate to the Vaults.
 18065 | D:13     | Reached skill level 17 in Fighting
 18066 | D:13     | Reached XP level 15. HP: 73/147 MP: 18/25
 18159 | D:13     | Found Jaicah's Antique Armour Shop.
 18834 | D:14     | Found a runed translucent door.
 19601 | D:14     | Noticed a tentacled monstrosity
 19610 | D:14     | Killed a tentacled monstrosity
 19710 | D:15     | Entered Level 15 of the Dungeon
 19768 | D:15     | Found a frozen archway.
 19779 | IceCv    | Entered an ice cave
 19872 | IceCv    | Reached skill level 18 in Fighting
 20047 | IceCv    | Reached skill level 15 in Invocations
 20487 | D:15     | Found a staircase to the Depths.
 20808 | D:15     | Identified the ring of Ureomn {Will+ Str+4}
 21044 | Shoals:1 | Entered Level 1 of the Shoals
 21913 | Shoals:2 | Reached skill level 19 in Fighting
 22235 | Shoals:2 | Reached XP level 16. HP: 109/160 MP: 27/27
 22556 | Shoals:2 | Noticed Roxanne
 22733 | Shoals:3 | Found the macabre finger necklace {Finger+ rN+}
 23503 | Shoals:4 | Entered Level 4 of the Shoals
 23765 | Shoals:4 | Reached skill level 20 in Fighting
 24053 | Shoals:4 | Got a barnacled rune of Zot
 24178 | Shoals:4 | Noticed Nikola
 24383 | Snake:1  | Entered Level 1 of the Snake Pit
 24474 | Snake:1  | Reached skill level 15 in Dodging
 24812 | Snake:1  | Identified the +0 ring mail "Xoral" {Int+3 Dex-5 Slay+2}
 25576 | Snake:2  | Reached XP level 17. HP: 162/171 MP: 29/29
 26836 | Snake:3  | Found Ituro's Armour Boutique.
 26841 | Snake:3  | Found Liahason's Distillery.
 26855 | Snake:3  | Bought a potion of heal wounds for 60 gold pieces
 26855 | Snake:3  | Bought a potion of curing for 36 gold pieces
 26855 | Snake:3  | Bought a potion of curing for 36 gold pieces
 26855 | Snake:3  | Bought a potion of enlightenment for 60 gold pieces
 26918 | Snake:3  | Reached skill level 21 in Fighting
 27403 | Snake:4  | Entered Level 4 of the Snake Pit
 27799 | Snake:4  | Identified the serpent talisman of the Sky {rCorr}
 27799 | Snake:4  | Noticed Aizul
 27823 | Snake:4  | Killed Aizul
 27824 | Snake:4  | Upgraded the game from 0.31-a0-1237-gabc64e778c to
                  | 0.31-a0-1267-gfedaa18580
 27830 | Snake:4  | Noticed Vashnia
 28044 | Snake:4  | Killed Vashnia
 28416 | Snake:4  | Noticed Mlioglotl
 28430 | Snake:4  | Killed Mlioglotl
 29085 | Snake:4  | Reached XP level 18. HP: 183/183 MP: 23/31
 29257 | Snake:4  | Noticed Asterion
 29266 | Snake:4  | Killed Asterion
 29492 | Snake:4  | Got a serpentine rune of Zot
 29667 | Snake:4  | Reached skill level 22 in Fighting
 30355 | Elf:1    | Entered Level 1 of the Elven Halls
 31004 | Elf:1    | Paralysed by an air elemental for 1 turns
 31348 | Elf:1    | Paralysed by an air elemental for 1 turns
 31351 | Elf:1    | Paralysed by an air elemental for 1 turns
 32414 | Elf:2    | Found a runed translucent gate.
 32414 | Elf:2    | Found a runed translucent gate.
 32414 | Elf:2    | Found a runed translucent gate.
 32742 | Elf:3    | Entered Level 3 of the Elven Halls
 33033 | Elf:3    | Reached XP level 19. HP: 165/189 MP: 31/33
 33156 | Elf:3    | Found a transporter.
 33161 | Elf:3    | Noticed Sirjeffry24's ghost (adept FoFi)
 33163 | Elf:3    | Found a bloodstained altar of Trog.
 33182 | Elf:3    | Noticed Louise
 33182 | Elf:3    | Paralysed by an air elemental for 1 turns
 33198 | Elf:3    | Killed Louise
 33320 | Elf:3    | Identified the ring "Pampaec" {Str+3 Int+6}
 33617 | Elf:3    | Found a transporter.
 33910 | Elf:3    | Identified the +0 robe of the Great Game {Harm rCorr Dex+2}
 33921 | Elf:3    | Noticed a Brimstone Fiend
 33928 | Elf:3    | Reached skill level 23 in Fighting
 34152 | Elf:3    | HP: 1/191 [deep elf blademaster/+0 antimagic rapier (14)]
 34416 | Elf:3    | Identified the +1 flail of Devotion {holy, *Corrode Int+5
                  | Dex+3}
 34520 | Elf:3    | Noticed a Brimstone Fiend
 35265 | Elf:3    | Identified the +7 chain mail "Equxau" {rC+ rN+}
 35286 | Elf:3    | Identified the +0 crystal plate armour of Bitterness {rPois
                  | Int+3}
 35310 | Elf:3    | Identified the blade talisman of Bola Ynoi {Int+4 Dex+3}
 35564 | Vaults:1 | Entered Level 1 of the Vaults
 35766 | Vaults:1 | HP: 7/183 [orc knight/+2 dire flail (27)]
 37216 | Vaults:2 | Noticed Norris
 37239 | Vaults:2 | Killed Norris
 37493 | Vaults:2 | Reached XP level 20. HP: 98/206 MP: 34/34
 37755 | Vaults:2 | Reached skill level 24 in Fighting
 38300 | Vaults:2 | Found a staircase to the Crypt.
 38550 | Vaults:2 | Identified the +5 mace "Wih Ack" {speed, SInv}
 39638 | Vaults:3 | Found a flickering gateway to a bazaar.
 39643 | Bazaar   | Entered a bazaar
 39643 | Bazaar   | Found Bafes's Assorted Antiques.
 39643 | Bazaar   | Found Zuntabuurph's Jewellery Emporium.
 39657 | Bazaar   | Bought a potion of curing for 60 gold pieces
 39657 | Bazaar   | Bought a potion of enlightenment for 100 gold pieces
 39657 | Bazaar   | Bought a potion of curing for 60 gold pieces
 39711 | Vaults:3 | Found a crumbling gateway.
 39722 | Desolati | Entered the Desolation of Salt
 40513 | Vaults:3 | Noticed Donald
 41000 | Vaults:3 | Killed Donald
 41373 | Vaults:4 | Found Wuxehaov's Weapon Emporium.
 41377 | Vaults:4 | Reached skill level 25 in Fighting
 41377 | Vaults:4 | Reached XP level 21. HP: 185/217 MP: 36/36
 41603 | Vaults:4 | Found a portal to a secret trove of treasure.
 41612 | Vaults:4 | Found Ifag's Weapon Emporium.
 41992 | Vaults:4 | Noticed Zenata
 42010 | Vaults:4 | Killed Zenata
 42929 | Crypt:1  | Entered Level 1 of the Crypt
 44365 | Crypt:2  | Reached skill level 26 in Fighting
 44421 | Crypt:2  | Reached XP level 22. HP: 228/228 MP: 37/37
 44795 | Crypt:3  | Entered Level 3 of the Crypt
 44865 | Crypt:3  | Reached skill level 1 in Evocations
 45049 | Crypt:3  | Found a staircase to the Tomb.
 45206 | Crypt:3  | Noticed Saint Roka
 45224 | Crypt:3  | Killed Saint Roka
 45231 | Crypt:3  | Mangled by a spectral titan

Illustrated notes

Levels and vault maps discovered:
D:1:      minmay_arrival_diagonal_passages, layout_loops_ring
D:2:      layout_loops_corners, serial_shops, shop, uniq_sigmund
D:3:      layout_basic, chequers_ecumenical_altar_simple_redux
D:4:      minmay_opposing_rooms, layout_gridville, minmay_temple_entry_grid,
          lightli_minifort, uniq_robin, uniq_menkaure
D:5:      cheibrodos_fertilizer, layout_rooms,
          gammafunk_temple_overflow_elements, enter_ossuary_2, uniq_ijyb
D:6:      minmay_clustersquares, layout_cave_pools,
          chequers_serial_rivers_marsh, water_maze_lemuel
D:7:      layout_rooms, nicolae_kite_square_tiling_tiny,
          hangedman_decor_growths, uniq_jeremiah
D:8:      layout_loops_corners, mainiacjoe_overflow_big_doors, uniq_maurice
D:9:      layout_roguey, mainiacjoe_overflow_small_starburst, lair_entry_dummy
D:10:     lemuel_ice_statue, layout_basic, grunt_dithmenos_smoke, uniq_joseph
D:11:     layout_stronghold, kennysheep_orc_monster_closet_entryway,
          ebering_ghost_gozag
D:12:     layout_basic, grunt_ministairs_14, uniq_rupert, uniq_snorg
D:13:     minmay_outward_triangles, layout_cave_pods, erik_vaults_1,
          serial_shops, shop, minmay_bent
D:14:     cheibrodos_body_horror, layout_irregular_city,
          small_statue_intersection
D:15:     grunt_enter_depths_hoard, layout_basic, serial_bayou,
          serial_bayou_lagoon_a, serial_bayou_pond_e, serial_bayou_pond_a,
          serial_bayou_shore_b, portal_ice_cave_entry_pillars_four
Temple:   nicolae_temple_x_marks_the_god
Lair:1:   layout_regular_city, beast_lair_carwin_4
Lair:2:   layout_gridlike, shoals_dummy_entry, st_stairs_9, uniq_gastronok,
          uniq_sonja
Lair:3:   layout_loops_ring, guppyfry_snake_entry_garden,
          pdpol_lair_cabin_in_the_woods, uniq_fannar
Lair:4:   nzn_winding_woodlands_three_and_one
          [nzn_winding_woodlands_5x15_sawtooth,
          nzn_winding_woodlands_5x15_crooked, nzn_winding_woodlands_5x15_pool,
          nzn_winding_woodlands_center_garden], layout_long_grid, slime_entry_1,
          gauntlet_entry_generic, grunt_megastairs_3
Shoals:1: layout_shoals, nicolae_shoals_land_atoll
Shoals:2: cheibrodos_shoals_baths, layout_shoals, uniq_roxanne
Shoals:3: layout_shoals
Shoals:4: shoals_end_simple, layout_shoals, nicolae_shoals_this_corrosion,
          uniq_polyphemus, uniq_nikola, uniq_mara
Snake:1:  layout_honeycomb
Snake:2:  layout_layer_cave, nicolae_triple_integral
Snake:3:  layout_misc_corridors, abandoned_shop, minmay_shop_star
Snake:4:  grunt_snake_rune_spirals, layout_onion, uniq_aizul, uniq_vashnia,
          uniq_mlioglotl, uniq_asterion
Orc:1:    layout_caves, basic_altar
Orc:2:    st_orc_town, layout_caves
Elf:1:    eino_elf_arrival_shootout, layout_geoelf_octagon,
          nicolae_elf_crossing_hall, minmay_fountain_box,
          lemuel_flamethrower_hall
Elf:2:    nicolae_elf_blades_splatter_lattice
          [nicolae_blade_entry_hurt_lockers], layout_geoelf_grid, st_stairs_11
Elf:3:    grunt_elf_hall_asides, layout_geoelf_diagonals,
          gammafunk_ghost_wrathful_warriors, serial_glass, glass_columns_c,
          glass_columns_a, glass_columns_a, glass_columns_a, glass_columns_a,
          glass_columns_c, nicolae_elf_stone_circles, guppyfry_elf_castle,
          uniq_louise
Vaults:1: nicolae_vaults_wine_cellar, hangedman_vaults_impose,
          nicolae_vaults_stairing_the_circle, v_misc_10,
          nicolae_vaults_corpse_flower, nicolae_vaults_little_squares_1,
          v_misc_16, nicolae_vaults_six-pack, nicolae_vaults_asterisk,
          vaults_dpeg_diagonal, vaults_dpeg_cross, v_misc_22,
          vaults_room_semicircle, layout_vaults_omnicross
Vaults:2: nicolae_vaults_spaceships, vaults_room_door_hall,
          blue_anna_dwarven_crypt, ontoclasm_vaults_ring_square,
          nicolae_vaults_six-pack, nicolae_vaults_big_ls,
          nicolae_vaults_storage_closets_1, dpeg_vaults_waves, v_misc_16,
          hangedman_vaults_stretched_pinwheel, layout_vaults_omnigrid,
          uniq_norris
Vaults:3: portal_desolation_entry_nicolae_slug, vaults_room_large_hall,
          nicolae_vaults_windows_and_doors_thing,
          nicolae_vaults_little_squares_4, nicolae_vaults_heart-shaped_vault,
          v_rooms_2, hangedman_vaults_variations, vaults_room_stairs_pillars,
          nicolae_vaults_network_periphery, hangedman_vaults_corner,
          nicolae_vaults_diffraction_hallways, vaults_dpeg_doors,
          layout_vaults_maze_bifur, serial_shops, bzr_entry_road, uniq_donald
Vaults:4: nicolae_vaults_shrinking_rooms_2, grunt_vaults_funnel,
          dpeg_vaults_monster_box, v_misc_12,
          hangedman_vaults_stretched_pinwheel, v_misc_5, v_alt_pattern_4,
          hangedman_vaults_nails, nicolae_vaults_hexular_roomagon,
          nicolae_vaults_trapezoid_lopsided_4,
          nicolae_vaults_trapezoid_lopsided_3,
          nicolae_vaults_trapezoid_lopsided_1, v_misc_24,
          vaults_room_stairs_pillars, layout_vaults_ring, serial_shops,
          nicolae_shop_waterfront, enter_trove_3, uniq_zenata
Crypt:1:  layout_gridlike
Crypt:2:  layout_rooms, grunt_megastairs_2
Crypt:3:  due_elkab, layout_chaotic_city, tomb_entry_forgotten_bobbens,
          uniq_saint_roka

Skill      XL: |  1  2  3  4  5  6  7  8  9 10 11 12 13 14 15 16 17 18 19 20 21 22 |
---------------+-------------------------------------------------------------------+-----
Throwing       | 2 |  2.0
Dodging        | 3 4 5 6 7 8 9 10 11 13 14 15 16 17 18 19 20 | 20.5
Fighting       | 4 5 7 8 9 11 12 14 17 19 20 21 22 23 25 26 | 26.2
Long Blades    | 4 |  4.9
Staves         | 1 2 4 6 7 9 10 11 13 14 | 14.0
Invocations    | 2 4 6 8 10 11 13 14 15 17 18 20 21 22 23 | 23.9
Evocations     | 4 |  4.0

Action                     |  1- 3 |  4- 6 |  7- 9 | 10-12 | 13-15 | 16-18 | 19-21 | 22-24 || total
---------------------------+-------+-------+-------+-------+-------+-------+-------+-------++-------
  Melee: Long sword        |    67 |   191 |       |       |       |       |       |       ||   258
         Tailslap          |     7 |    30 |    55 |   116 |   190 |   301 |   450 |    32 ||  1181
         Punch             |       |     2 |       |       |       |       |       |       ||     2
         Lajatang          |       |    11 |   318 |   685 |  1191 |  1461 |  1797 |   135 ||  5598
         Bite              |       |       |       |       |   145 |   226 |   328 |    29 ||   728
  Throw: Boomerang         |       |       |       |       |       |    12 |     1 |       ||    13
 Invoke: Stomp             |       |       |       |     6 |     2 |     3 |     2 |       ||    13
         Grand Finale      |       |       |       |       |     2 |     1 |       |       ||     3
Ability: Breathe Acid      |       |       |     1 |     2 |     7 |     1 |     7 |       ||    18
  Evoke: Wand              |       |       |       |     1 |     3 |     6 |     4 |       ||    14
    Use: Scroll            |       |     1 |     4 |    18 |    15 |    11 |     8 |       ||    57
         Potion            |       |       |       |     1 |     3 |     4 |       |       ||     8
   Stab: Sleeping          |     1 |     3 |     3 |     1 |     3 |     5 |       |     1 ||    17
         Paralysed         |       |       |    28 |    45 |   115 |   158 |   243 |    20 ||   609
         Distracted        |       |       |       |       |     1 |       |       |       ||     1
 Armour: Skin              |    33 |   112 |   204 |   360 |   807 |   672 |   666 |    71 ||  2925
  Dodge: Dodged            |    54 |   187 |   267 |   548 |   719 |   739 |   896 |    98 ||  3508

Table legend: (Time is in decaauts)
 A = Elapsed time spent in this place.
 B = Non-inter-level travel time spent in this place.
 C = Inter-level travel time spent in this place.
 D = Time resting spent in this place.
 E = Time spent auto-exploring this place.
 F = Levels seen in this place.
 G = Mean time per level.
                   A        B        C        D        E       F      G
               +--------+--------+--------+--------+--------+-----+--------+
         Total |  42882 |  40382 |   2500 |   7684 |  21901 |  45 |  952.9 |
       Dungeon |  14073 |  13207 |    866 |   2093 |   8413 |  15 |  938.2 |
        Temple |     29 |     29 |      0 |      0 |      0 |   1 |   29.0 |
          Lair |   3998 |   3623 |    375 |    223 |   2608 |   4 |  999.5 |
        Shoals |   3308 |   3100 |    208 |    655 |   1545 |   4 |  827.0 |
     Snake Pit |   5366 |   5183 |    183 |   1104 |   2577 |   4 | 1341.5 |
  Orcish Mines |   1717 |   1479 |    238 |    312 |    824 |   2 |  858.5 |
   Elven Halls |   4641 |   4498 |    143 |   1389 |   1293 |   3 | 1547.0 |
        Vaults |   6549 |   6108 |    441 |   1325 |   3369 |   4 | 1637.2 |
         Crypt |   2056 |   2013 |     43 |    443 |   1126 |   3 |  685.3 |
        Bazaar |     23 |     23 |      0 |      0 |      0 |   1 |   23.0 |
       Ossuary |    209 |    209 |      0 |      0 |    130 |   1 |  209.0 |
      Ice Cave |    383 |    383 |      0 |     82 |      3 |   1 |  383.0 |
    Desolation |     18 |     18 |      0 |      0 |      0 |   1 |   18.0 |
      Gauntlet |    504 |    504 |      0 |     58 |     11 |   1 |  504.0 |
               +--------+--------+--------+--------+--------+-----+--------+

Top non-repeatable levels by time:
   Elf:3: 2271 daAuts
 Snake:4: 2255 daAuts
Vaults:2: 2100 daAuts
Vaults:3: 1930 daAuts
 Snake:2: 1480 daAuts
Vaults:1: 1387 daAuts
   Orc:2: 1315 daAuts
     D:4: 1287 daAuts
    D:13: 1256 daAuts
   Elf:1: 1229 daAuts
     D:8: 1185 daAuts
    D:11: 1179 daAuts
Shoals:3: 1178 daAuts
   Elf:2: 1140 daAuts
Vaults:4: 1131 daAuts
